 Dungeon Crawl Stone Soup version 0.24-a0-524-gf43b32f898 (webtiles) character file.

Game seed: 4009074330944893183

357 Carillon the Digger (level 6, -11/34 HPs)
             Began as a Gargoyle Earth Elementalist on July 31, 2019.
             Killed from afar by an orc (16 damage)
             ... with an iceblast
             ... on level 4 of the Dungeon.
             The game lasted 00:25:59 (3685 turns).

Carillon the Digger (Gargoyle Earth Elementalist)   Turns: 3685, Time: 00:26:00

Health: -11/34     AC:  6    Str: 12    XL:     6   Next: 64%
Magic:  14/20      EV: 12    Int: 17    God:
Gold:   170        SH:  0    Dex: 10    Spells: 0/11 levels left

rFire    . . .     SeeInvis .   e - +0 club
rCold    . . .     Gourm    .   (no shield)
rNeg     + . .     Faith    .   c - +0 robe
rPois    ∞         Spirit   .   (no helmet)
rElec    +         Reflect  .   (no cloak)
rCorr    .         Harm     .   (no gloves)
MR       .....                  (no boots)
Stlth    ++........             (no amulet)
HPRegen  0.11/turn              o - ring of magical power
MPRegen  0.17/turn              (no ring)

@: no status effects
A: negative energy resistance 1, electricity resistance, unbreathing,
petrification resistance, rot immunity, AC +4
a: no special abilities


You were on level 4 of the Dungeon.
You were hungry.

You visited 1 branch of the dungeon, and saw 4 of its levels.

You collected 170 gold pieces.

Inventory:

Hand Weapons
 e - a +0 club (weapon)
Missiles
 b - 84 stones (quivered)
Armour
 c - a +0 robe (worn)
 v - a +0 shield
Jewellery
 o - a ring of magical power (left hand)
 r - an uncursed ring of fire
Wands
 n - a wand of random effects (18)
Scrolls
 g - 2 scrolls of remove curse {unknown}
 j - a scroll of amnesia {unknown}
 k - a scroll of noise {unknown}
 m - a scroll of teleportation {unknown}
 q - 2 scrolls of magic mapping {unknown}
 w - a scroll of random uselessness {unknown}
Potions
 a - a potion of might {unknown}
 h - a potion of cancellation {unknown}
 i - a potion of haste {unknown}
 l - 2 potions of mutation
 p - 2 potions of agility {unknown}
 s - a potion of heal wounds {unknown}
 t - a potion of curing {unknown}
 u - a potion of berserk rage {unknown}
Comestibles
 d - 7 rations


   Skills:
 - Level 1.1 Fighting
 - Level 1.0 Maces & Flails
 - Level 0.1 Armour
 - Level 2.0 Dodging
 - Level 2.1 Stealth
 + Level 3.4 Spellcasting
 + Level 3.0 Conjurations
 - Level 2.0 Transmutations
 + Level 5.4 Earth Magic


You couldn't memorise any spells.
You knew the following spells:

 Your Spells              Type           Power        Failure   Level  Hunger
a - Sandblast             Erth           ###...       1%          1    None
b - Passwall              Tmut/Erth      ###.....     5%          2    ##.....
c - Stone Arrow           Conj/Erth      ###...       9%          3    ###....
d - Lee's Rapid Deconstr  Erth           ###.......   45%         5    ######.

Your spell library contained the following spells:

 Spells                   Type           Power        Failure   Level  Hunger
 Petrify                  Tmut/Erth      ###.....     34%         4    ####...


Dungeon Overview and Level Annotations

Branches:
Dungeon (4/15)
 Temple: D:4-7

Altars:
Okawaru


Innate Abilities, Weirdness & Mutations

You are resistant to torment.
Your stone body is resilient. (AC +4)
You are immune to poison.
You resist negative energy. (rN+)
You are resistant to electric shocks. (rElec)
You can survive without breathing.
You are immune to petrification.
You are immune to rotting.


Message History

You can't see any susceptible monsters within range! (Use Z to cast anyway.)
The orc shouts!
The orc zaps a wand.
The mass of ice explodes!
The iceblast engulfs you!
Ouch! That really hurt!
Casting: Sandblast (safe; 1% risk of failure)
Confirm with . or Enter, or press ? or * to list all spells.
Aiming: Stone Arrow (safe; 9% risk of failure)
Press: ? - help, Shift-Dir - straight line, f - orc
Aim: an orc, wielding the +2 morningstar of Extinguishment {flame, +Inv rN+ Dex+4}, wearing a +0 ring mail and carrying a wand of iceblast (4)
The stone arrow misses the orc.
The orc zaps a wand.
The mass of ice explodes!
The iceblast engulfs you!
* * * LOW HITPOINT WARNING * * *
Casting: Stone Arrow (safe; 9% risk of failure)
Confirm with . or Enter, or press ? or * to list all spells.
Aiming: Stone Arrow (safe; 9% risk of failure)
Press: ? - help, Shift-Dir - straight line, f/p - orc
Aim: an orc, wielding the +2 morningstar of Extinguishment {flame, +Inv rN+ Dex+4}, wearing a +0 ring mail and carrying a wand of iceblast (3)
The stone arrow misses the orc.
The orc zaps a wand.
The mass of ice explodes!
The iceblast engulfs you!
You die...

#..#'#..# #####
##.##.##.###### ....#
#..#.).#......# ###.##
#.#######..##.#
#...####.#.....#.## .#
#....÷)..'.....#..##.#
#...##..#########....#
######..#..o....#..###
##.#......@'..#
#.#.......#..#
####.#########..#
#.....'.....#...#
#.###[#)....#.#.# #
#.#######. .# #..# ..
.# ...# .# .# ##... ..
.#


You could see an orc.

Vanquished Creatures
  A wight (D:4)
  A howler monkey (D:4)
  An iguana (D:4)
  2 worker ants (D:4)
  9 adders
  4 gnolls
  3 worms
  A dart slug (D:1)
  3 leopard geckos
  8 orcs
  2 bats
  2 giant cockroaches (D:2)
  7 goblins
  8 hobgoblins
  3 jackals (D:2)
  A quokka (D:2)
  A ball python (D:2)
  A ball python zombie (D:4)
  3 frilled lizards (D:2)
  5 kobolds
  3 rats
69 creatures vanquished.

Notes
Turn   | Place    | Note
-------+----------+-------------------------------------------
     0 | D:1      | Carillon the Gargoyle Earth Elementalist began the quest
                  | for the Orb.
     0 | D:1      | Reached XP level 1. HP: 10/10 MP: 3/3
   221 | D:1      | Reached XP level 2. HP: 6/16 MP: 1/5
   227 | D:1      | Learned a level 2 spell: Passwall
   889 | D:1      | Reached skill level 1 in Fighting
   889 | D:1      | Reached skill level 4 in Earth Magic
   901 | D:1      | Reached XP level 3. HP: 20/20 MP: 3/6
  1032 | D:1      | Learned a level 3 spell: Stone Arrow
  1186 | D:2      | Reached skill level 1 in Transmutations
  1445 | D:2      | Reached skill level 1 in Maces & Flails
  1745 | D:2      | Reached skill level 1 in Conjurations
  1745 | D:2      | Reached XP level 4. HP: 25/25 MP: 2/7
  2601 | D:3      | Reached XP level 5. HP: 29/29 MP: 9/9
  2970 | D:3      | Found an iron altar of Okawaru.
  3172 | D:4      | Reached skill level 5 in Earth Magic
  3326 | D:4      | Reached XP level 6. HP: 34/34 MP: 10/10
  3361 | D:4      | Learned a level 5 spell: Lee's Rapid Deconstruction
  3681 | D:4      | Identified the +2 morningstar of Extinguishment {flame,
                  | +Inv rN+ Dex+4}
  3685 | D:4      | Killed from afar by an orc

Levels and vault maps discovered:
D:1:      eino_arrival_cavern_e, layout_rooms, corexii_hall_statues_u
D:2:      layout_basic, grunt_ministairs_9
D:3:      layout_basic, first_ration, okawaru_altar_gauntlet_db
D:4:      layout_loops_ring, minmay_divided_ellipse

Skill      XL: |  1  2  3  4  5  6 |
---------------+-------------------+-----
Dodging        | 2 |  2.0
Fighting       | 1 |  1.1
Earth Magic    | 4 5 |  5.4
Transmutations | 1 2 |  2.0
Maces & Flails | 1 |  1.0
Conjurations   | 1 2 3 |  3.0
Spellcasting   | 3 |  3.4
Armour         | |  0.1
Stealth        | |  2.1

Action                   |  1- 3 |  4- 6 || total
-------------------------+-------+-------++-------
Melee: Unarmed           |    10 |       ||    10
       Club              |    27 |    24 ||    51
 Cast: Sandblast         |    38 |    65 ||   103
       Stone Arrow       |       |     6 ||     6
  Use: Scroll            |       |     3 ||     3
 Stab: Sleeping          |     1 |     1 ||     2
  Eat: Chunk             |     3 |     6 ||     9
Armor: Robe              |    11 |    15 ||    26
Dodge: Dodged            |    35 |    32 ||    67

Table legend:
 A = Non-vault XP
 B = Vault XP
 C = Vault XP percentage of total XP
 D = Non-vault monster count
 E = Vault monster count
 F = Vault count percentage of total count
                 A         B        C        D         E       F
            +---------+---------+-------+---------+---------+-------
      Total |     250 |     261 |  51.1 |      54 |      15 |  21.7
            +---------+---------+-------+---------+---------+-------
        D:1 |      35 |       0 |   0.0 |      12 |       0 |   0.0
        D:2 |      60 |      15 |  20.0 |      19 |       2 |   9.5
        D:3 |      93 |      50 |  35.0 |      19 |       6 |  24.0
        D:4 |      62 |     196 |  76.0 |       4 |       7 |  63.6
            +---------+---------+-------+---------+---------+-------
